Map: Blueshift LE

Players

Flex - Winner!

  • Race: Protoss Protoss
  • League: Diamond
  • Spawn Location: 1:00

llllllllllll

  • Race: Terran Terran
  • League: Grandmaster
  • Spawn Location: 7:00

VOD

Have the link to the VOD?

Description

GM vs D1 toss, thx blizz Kappa

Time

  • Played on: Oct. 11, 2018, 12:36 p.m.
  • Length: 14:57
Show
View Real Time Build Order
Export as new Build Order

Flex Protoss - Winner!

Build Orders: 1 Gate Expand, Colossus Rush 

Get SALT Encoding   

  12  0:01  Probe  
  13  0:13  Probe  
  14  0:17  Pylon  
  14  0:25  Probe  
  15  0:33  Probe  
  15  0:38  Gateway  
  15  0:41  Probe  
  16  0:46  Assimilator  
  17  0:51  Probe  
  18  1:03  Probe  
  19  1:16  Probe  
  20  1:26  Nexus  
  20  1:34  Cybernetics Core  
  20  1:40  Probe  
  20  1:42  Assimilator  
  21  1:52  Pylon  
  22  1:54  Probe  
  22  2:01  Adept  
  22  2:04  Probe  
  23  2:12  Probe, Warp Gate  
  25  2:20  Probe  
  26  2:28  Stalker  
  28  2:40  Probe  
  29  2:47  Robotics Facility  
  29  2:48  Probe  
  28  3:13  Probe  
  28  3:15  Probe  
  30  3:23  Stalker  
  30  3:24  Twilight Council  
  30  3:25  Probe  
  33  3:27  Probe  
  34  3:36  Gateway  
  34  3:37  Probe  
  34  3:38  Gateway  
  35  3:47  Probe  
  36  3:48  Pylon  
  36  3:51  Probe  
  37  3:59  Probe  
  37  4:02  Blink  
  37  4:03  Probe  
  37  4:11  Probe  
  37  4:12  Observer  
  37  4:15  Probe  
  38  4:23  Probe  
  39  4:27  Probe  
  40  4:35  Probe, Observer  
  42  4:39  Probe  
  43  4:47  Probe  
  43  4:48  Assimilator, Stalker  
  43  4:49  Nexus  
  43  4:52  Assimilator  
  46  4:54  Stalker  
  46  4:58  Stalker  
  50  5:01  Probe  
  50  5:02  Probe  
  50  5:04  Observer  
  53  5:09  Observer  
  53  5:12  Robotics Bay  
  53  5:13  Probe  
  54  5:17  Forge  
  54  5:24  Forge  
  54  5:40  Protoss Ground Weapons Level 1  
  54  5:42  Pylon  
  54  5:43  Pylon, Protoss Ground Armor Level 1  
  54  5:50  Colossus  
  54  6:00  Probe  
  61  6:08  Zealot  
  63  6:11  Stalker x2  
  63  6:12  Probe  
  68  6:20  Pylon  
  66  6:29  Extended Thermal Lance  
  66  6:30  Colossus  
  66  6:32  Probe  
  66  6:33  Probe x2  
  68  6:43  Charge  
  68  6:45  Probe x3  
  71  6:47  Observer  
  77  6:57  Probe x3  
  80  7:09  Probe x2  
  80  7:10  Probe  
  83  7:18  Gateway  
  83  7:21  Probe, Gateway  
  84  7:23  Gateway  
  84  7:30  Gateway  
  84  7:31  Pylon, Gateway  
  84  7:32  Probe, Pylon  
  85  7:39  Pylon  
  85  7:46  Protoss Ground Armor Level 2  
  85  7:48  Colossus  
  85  7:49  Probe  
  92  7:52  Sentry x3  
  92  7:56  Protoss Ground Weapons Level 2  
  98  8:05  Probe x3  
  101  8:18  Pylon  
  101  8:19  Pylon x2  
  101  8:22  Pylon  
  101  8:31  Observer  
  101  8:42  Probe x3  
  101  8:44  Zealot x8  
  101  8:46  Warp Prism  
  122  8:49  Templar Archives  
  122  8:51  Assimilator  
  122  8:53  Assimilator  
  122  8:54  Probe x3  
  125  8:59  Gateway  
  125  9:02  Gateway  
  125  9:04  Pylon  
  125  9:06  Probe x2  
  125  9:07  Stalker  
  125  9:08  Stalker x2  
  125  9:09  Zealot  
  135  9:15  Psionic Storm  
  135  9:20  Nexus  
  135  9:22  Pylon  
  135  9:24  Zealot  
  135  9:27  Zealot  
  135  9:30  Probe  
  140  9:40  Zealot  
  140  9:44  High Templar x3  
  140  9:45  High Templar  
  150  9:47  Protoss Ground Weapons Level 3  
  150  9:54  Probe x2  
  150  9:55  Probe  
  150  9:58  Protoss Ground Armor Level 3  
  153  10:09  Immortal  
  157  10:45  High Templar x2  
  157  10:46  High Templar  
  162  10:50  Archon  
  162  10:53  Assimilator  
  162  10:54  High Templar  
  162  10:55  Zealot x4  
  172  10:57  Assimilator  
  172  11:00  Pylon  
  172  11:01  Archon  
  172  11:02  Pylon  
  172  11:03  Pylon  
  172  11:10  Probe, Immortal, Shield Battery  
  172  11:12  Shield Battery  
  172  11:14  Photon Cannon  
  172  11:16  Photon Cannon  
  172  11:18  Probe  
  172  11:24  Stalker x3, High Templar  
  185  11:36  Pylon  
  185  11:37  Pylon  
  185  11:45  Probe x2  
  187  11:48  Observer  
  182  12:02  Zealot x10  
  189  12:09  Observer  
  190  12:16  Observer  
  190  12:24  High Templar  
  192  12:34  Probe x3  
  193  12:44  Nexus  
  193  12:45  Zealot x2, High Templar  
  193  12:47  Pylon  
  193  12:49  Assimilator  
  199  12:53  Assimilator  
  197  13:22  Zealot x4  
  196  13:33  Zealot x4  
  186  13:48  Zealot x6  
  164  13:56  Zealot x4  
  164  14:14  Probe x3  
  159  14:24  Zealot x2  
  159  14:25  Zealot x7  
Show
View Real Time Build Order
Export as new Build Order

llllllllllll Terran 

Build Orders: MMM Bio 

Get SALT Encoding   

  12  0:01  SCV  
  13  0:13  SCV  
  14  0:18  Supply Depot  
  14  0:25  SCV  
  15  0:40  SCV  
  15  0:42  Barracks  
  16  0:46  Refinery  
  16  0:52  SCV  
  17  1:04  SCV  
  18  1:18  SCV  
  20  1:33  Orbital Command  
  20  1:34  Reaper  
  20  1:42  Command Center  
  20  1:59  SCV  
  20  2:00  Supply Depot  
  21  2:05  Marine  
  22  2:11  SCV  
  22  2:13  Factory  
  23  2:16  Refinery  
  23  2:23  SCV  
  23  2:27  Barracks Tech Lab  
  23  2:29  Barracks Reactor  
  24  2:35  SCV  
  25  2:47  SCV  
  25  2:49  Barracks  
  26  2:57  Orbital Command  
  26  2:59  SCV  
  27  3:11  SCV  
  28  3:15  Marine x2, Factory Tech Lab  
  28  3:19  Cyclone  
  33  3:23  SCV  
  33  3:24  SCV  
  35  3:32  Supply Depot  
  35  3:34  Marine x2  
  35  3:36  SCV x2, Barracks Tech Lab  
  39  3:48  SCV x2  
  40  3:49  Starport  
  40  3:54  Marine  
  40  3:55  Marine x2  
  44  4:00  SCV  
  44  4:01  SCV  
  46  4:09  Stimpack  
  45  4:12  SCV, Marine  
  45  4:13  SCV  
  48  4:19  Widow Mine  
  50  4:24  SCV  
  50  4:25  SCV  
  50  4:27  Supply Depot, Marauder, Marine  
  54  4:34  Supply Depot  
  54  4:35  Supply Depot  
  54  4:37  Starport Reactor  
  54  4:43  Refinery x2  
  54  4:49  SCV x2, Marine x3  
  54  4:50  Factory Reactor  
  59  4:53  Supply Depot  
  59  5:01  SCV x2  
  59  5:02  Barracks  
  61  5:13  SCV x2  
  63  5:17  Medivac x2  
  63  5:18  Marauder, Marine x2  
  63  5:21  Supply Depot  
  71  5:25  SCV x2  
  73  5:34  Command Center  
  73  5:37  SCV x2  
  73  5:38  Marine  
  73  5:39  Marauder  
  78  5:49  SCV x2, Medivac  
  82  5:50  Supply Depot  
  82  5:55  Barracks Reactor, Medivac  
  82  5:56  Barracks Tech Lab  
  84  5:57  Marine  
  84  6:01  SCV x2  
  87  6:06  Engineering Bay  
  87  6:07  Engineering Bay, Marine  
  87  6:08  Marine  
  89  6:12  Concussive Shells  
  89  6:14  Widow Mine, SCV  
  89  6:15  Widow Mine  
  94  6:21  Marauder  
  94  6:27  Marine x2  
  94  6:28  Marauder  
  96  6:35  Widow Mine  
  96  6:36  Medivac x2  
  102  6:45  Marine  
  102  6:46  Widow Mine, Supply Depot  
  105  6:49  Supply Depot  
  105  6:55  Terran Infantry Weapons Level 1  
  105  6:56  Terran Infantry Armor Level 1, Marine x2  
  105  6:57  Marine  
  108  7:07  Marauder  
  110  7:14  Marine x3  
  113  7:16  Orbital Command  
  113  7:22  Barracks  
  113  7:23  Barracks  
  113  7:26  Combat Shields  
  113  7:28  Marine  
  114  7:32  Marine  
  114  7:34  SCV x2  
  117  7:42  Supply Depot  
  117  7:43  Marine  
  117  7:44  Supply Depot, Marauder  
  120  7:46  SCV x2  
  120  7:47  Viking  
  124  7:51  Viking  
  124  7:53  SCV  
  128  7:58  SCV  
  128  8:04  Marauder, Marine x2  
  128  8:05  SCV, Marauder  
  128  8:11  Widow Mine x2  
  133  8:14  Barracks Reactor, Barracks Tech Lab  
  133  8:18  Starport  
  133  8:22  Marine  
  133  8:26  Marauder x2  
  138  8:28  Marine  
  138  8:36  Supply Depot  
  138  8:39  Marine  
  123  8:42  Marauder  
  123  8:46  Viking x2, Marine  
  123  8:47  Widow Mine x2, Marauder, Marine  
  136  8:57  Armory, Marine  
  137  9:02  Marine  
  137  9:06  Marauder  
  137  9:09  Marauder, Command Center, Marine x3  
  145  9:15  Starport Reactor, Marine  
  145  9:16  Viking  
  144  9:17  Widow Mine  
  144  9:18  Widow Mine  
  144  9:19  SCV  
  144  9:20  SCV  
  144  9:21  Marauder  
  152  9:26  Marine  
  152  9:27  Marine x3  
  152  9:31  Marauder  
  158  9:40  Marine  
  158  9:42  Marauder  
  158  9:43  Viking  
  158  9:44  Marine x2  
  164  9:56  Viking x3  
  164  9:57  Supply Depot  
  164  9:58  Supply Depot, SCV x2  
  172  10:00  Marauder  
  171  10:08  Marauder, Marine x2  
  171  10:13  Viking  
  177  10:15  SCV x2, Terran Infantry Weapons Level 2  
  179  10:25  Liberator x2, Marine x2  
  179  10:26  Viking  
  183  10:34  Supply Depot  
  183  10:35  Planetary Fortress  
  181  10:37  Marauder, Marine x3  
  181  10:38  Marauder  
  194  10:43  Marine x2  
  194  10:45  Terran Infantry Armor Level 2  
  196  10:54  Ghost Academy  
  196  10:55  Marine x2  
  196  10:56  Marauder  
  200  11:00  Refinery  
  199  11:05  SCV, Refinery  
  200  11:31  Ghost  
  200  11:32  Ghost  
  199  11:54  Refinery, Ghost  
  193  11:56  Command Center  
  193  11:57  Refinery, Command Center  
  193  12:00  Ghost  
  191  12:08  Marine  
  191  12:09  Marauder  
  191  12:14  SCV x2  
  196  12:20  Fusion Core  
  196  12:29  Marine  
  198  12:30  Marauder, Marine  
  199  12:42  Marine  
  200  12:58  Terran Ship Weapons Level 1  
  190  13:20  Marine  
  190  13:21  Marauder, Marine x2  
  190  13:22  Marauder, Marine x2  
  171  13:35  Orbital Command  
  171  13:38  Marine x2  
  171  13:39  Marine  
  171  13:40  Widow Mine x2, Marauder, Marine  
  172  13:41  Viking  
  172  13:42  Marauder  
  172  13:43  Marine  
  132  13:48  Orbital Command  
  113  13:55  Orbital Command  
  113  13:56  Marine x3  
  113  13:57  Marine  
  113  14:01  Marauder  
  113  14:02  Marauder  
  118  14:04  Marauder  
  118  14:06  Widow Mine x2  
  128  14:14  Marine x3  
  128  14:15  Marine  
  127  14:23  Marauder x2  
  127  14:24  Marine  
Tags
 
Add a new tag
Caveats
  • Supply blocks, unpowered buildings, or Contaminate may cause inaccurate times.
  • Supply counts are checked every 10 seconds.